 Dungeon Crawl Stone Soup version 0.31-a0-965-g8a8ce12e04 (webtiles) character file.

Game seed: 15322323076443528208

1022 Forgeling the Grappler (level 8, -1/54 HPs)
             Began as an Octopode Shapeshifter on Oct 27, 2023.
             Was an Elder of Ru.
             Succumbed to a gnoll sergeant's poison
             ... on level 5 of the Dungeon.
             The game lasted 00:12:05 (4152 turns).

Forgeling the Grappler (Octopode Shapeshifter)      Turns: 4152, Time: 00:12:06

Health: -1/54      AC:  3    Str: 11    XL:     8   Next: 22%
Magic:  3/8        EV: 18    Int: 13    God:    Ru [****..]
Gold:   156        SH:  0    Dex: 11    Spells: 7/7 levels left

rFire   . .          .
                       - Unarmed
rCold   . . .        (helmet currently unavailable)
rNeg    . . .        (no amulet)
rPois   .            p - +5 ring of evasion
rElec   .            (no ring)
rCorr   .            (no ring)
SInv    .            (no ring)
Will    .....        (no ring)
Stlth   +++          (no ring)
HPRegen 0.29/turn    (no ring)
MPRegen 0.11/turn

%: inaccuracy (-5)
@: brilliant, lethally poisoned (-1 -> -19), exhausted, beast-form
A: beast (slay +1), almost no armour, amphibious, 7 rings, camouflage 1,
gelatinous body 1, missing a hand, missing an eye, (nimble swimmer 1),
tentacles, iridescent scales 1, dopey 1, weak 1, inability to read after injury
1
a: Begin Untransformation, Renounce Religion, Draw Out Power, Power Leap


You were on level 5 of the Dungeon.
You worshipped Ru.
Ru was greatly pleased with you.
You were a hulking beast.
You visited 1 branch of the dungeon, and saw 5 of its levels.
You also visited: Ossuary.

You collected 208 gold pieces.
You spent 52 gold pieces at shops.

Inventory:

Missiles
 t - 4 poisoned darts
 u - 2 throwing nets
Jewellery
 p - a +5 ring of evasion (left tentacle)
Talismans
 b - a beast talisman (active)
 g - a flux talisman
Wands
 d - a wand of digging (6)
 e - a wand of charming (11)
 i - a wand of iceblast (5)
Scrolls
 a - 2 scrolls of noise {unknown}
 j - a scroll of revelation {unknown}
 k - 2 scrolls of enchant weapon {unknown}
 n - a scroll of acquirement {unknown}
 o - 2 scrolls of amnesia
 q - a scroll of fear {unknown}
 r - a scroll of immolation {unknown}
 v - a scroll of poison {unknown}
 w - a scroll of brand weapon {unknown}
 O - 2 scrolls of silence
 Y - a scroll of teleportation {@r3}
Potions
 c - 2 potions of degeneration
 f - a potion of berserk rage {unknown}
 m - 3 potions of curing {unknown}
 s - a potion of attraction {unknown}
 B - 5 potions of brilliance
 H - 2 potions of haste
 R - 2 potions of resistance
 U - 2 potions of mutation
 W - 2 potions of lignification


   Skills:
 + Level 4.8 Fighting
 - Level 2.0 Dodging
 - Level 4.0 Stealth
 + Level 8.0 Unarmed Combat
 - Level 3.0 Shapeshifting


You had 7 spell levels left.
You didn't know any spells.
Your spell library was empty.

Dungeon Overview and Level Annotations

Branches:
Dungeon (5/15)            Ossuary (visited)
 Temple: D:4-7

Altars:
Dithmenos
Ru

Shops:
D:2 *   D:4 !

Annotations:
D:5 Pikel


Innate Abilities, Weirdness & Mutations

You are a hulking beast.
Your limbs bulge with bestial killing power. (Slay +1)
You cannot wear most types of armour.
You are amphibious.
You can wear up to seven rings at the same time.
Your skin changes colour to match your surroundings (Stealth+).
Your rubbery body absorbs attacks. (AC +1, EV +1)
You are missing a hand.
You are missing an eye, making it more difficult to aim.
((You are camouflaged when in or above water. (Stealth+)))
You have tentacles for arms and can constrict up to seven enemies at once.
You are partially covered in iridescent scales. (AC +2)
You are dopey. (Int -2)
You are weak. (Str -2)
You occasionally lose the ability to read scrolls when taking damage.


Message History

You don't know any spells.
Unknown command.
Unknown command.
Your library has no spells.
Unknown command.
Unknown command.
Unknown command.
You tentacle-slap the gnoll. You grab the gnoll.
You squeeze the gnoll, but do no damage.
The gnoll is lightly wounded.
You constrict the gnoll. The gnoll hits you with a +0 club!
Aiming: Power Leap
Press: ? - help, Dir - move target You kill the gnoll! x2
The gnoll sergeant hits you with a +2 spear of venom.
You are poisoned.
The gnoll hits you from afar with a +0 spear!
Your Unarmed Combat skill increases to level 8!
You tentacle-slap the gnoll sergeant. Your grab misses the gnoll sergeant.
The gnoll sergeant is severely wounded.
You feel very sick.
The gnoll sergeant hits you with a +2 spear of venom!
* * * LOW HITPOINT WARNING * * *
You are lethally poisoned!
You focus your inner power and blind the gnoll sergeant in retribution!
The gnoll hits you from afar with a +0 spear.
* * * LOW HITPOINT WARNING * * *
It was a potion of brilliance.
You feel clever all of a sudden.
B - 5 potions of brilliance
* * * LOW HITPOINT WARNING * * *
You feel very sick.
The gnoll hits you from afar with a +0 spear!
* * * LOW HITPOINT WARNING * * *
It was a potion of mutation.
You feel extremely strange.
You occasionally lose the ability to read scrolls when taking damage.
You feel stupid.
You feel weaker.
Iridescent scales grow over part of your body.
U - 2 potions of mutation You die...

..........g............#
.......................#. .###...
.................................
...##....#..............$........
?........g.gg....................
............####.........$.......
............# #g.........#......
............# #....#####........
............####hg..#####........
###.........#..))................
#..........#....................
#..........#....................
#..........#...............####.
#..........#...............# #.
#...########.......#####...# ##
#...# #.......# ##### #...#
#.......#


You could see a gnoll sergeant (blind) and a gnoll.

Vanquished Creatures
  Menkaure (D:4)
  2 ice beasts
  5 water moccasin zombies (Ossuary)
  A gnoll sergeant (D:5)
  A hound (D:4)
  Crazy Yiuf (D:4)
  Ijyb (D:4)
  3 mummies
  10 gnolls
  4 adders
  A white imp (D:5)
  4 adder zombies (Ossuary)
  A worm (D:2)
  2 dart slugs
  2 orcs
  6 bats
  4 endoplasms
  2 giant cockroaches
  10 goblins
  5 hobgoblins
  5 kobolds
  2 quokkas
  3 ball pythons
  4 frilled lizards
  4 gnoll zombies (Ossuary)
  2 hobgoblin zombies (Ossuary)
  6 kobold zombies (Ossuary)
  10 orc zombies (Ossuary)
  5 rats
107 creatures vanquished.

Notes
Turn   | Place    | Note
-------+----------+-------------------------------------------
     0 | D:1      | Forgeling the Octopode Shapeshifter began the quest for the
                  | Orb.
     0 | D:1      | Reached XP level 1. HP: 13/13 MP: 1/1
    77 | D:1      | Reached skill level 1 in Stealth
   220 | D:1      | Reached XP level 2. HP: 18/18 MP: 2/2
   797 | D:1      | Reached XP level 3. HP: 23/23 MP: 3/3
   988 | D:2      | Found a faded altar of an unknown god.
  1067 | D:2      | Prayed at the altar of an unknown god.
  1067 | D:2      | Became a worshipper of Ru the Awakened
  1071 | D:2      | Gained mutation: You are missing a hand. [Ru sacrifice]
  1071 | D:2      | Reached * piety under Ru
  1071 | D:2      | Reached ** piety under Ru
  1071 | D:2      | Reached *** piety under Ru
  1137 | D:2      | Found a shadowy altar of Dithmenos.
  1202 | D:2      | Found Isostili's Assorted Antiques.
  1209 | D:2      | Bought a scroll labelled WUZEAFRUD BIWO for 22 gold pieces
  1209 | D:2      | Bought a fizzy purple potion for 19 gold pieces
  1918 | D:3      | Reached XP level 4. HP: 28/28 MP: 4/4
  2017 | D:3      | Reached skill level 4 in Unarmed Combat
  2591 | D:4      | Reached skill level 5 in Unarmed Combat
  2591 | D:4      | Reached XP level 5. HP: 24/33 MP: 5/5
  2627 | D:4      | Noticed Ijyb
  2644 | D:4      | Killed Ijyb
  2690 | D:4      | Found a sand-covered staircase.
  2759 | Ossuary  | Entered an ossuary
  2788 | Ossuary  | Reached XP level 6. HP: 23/38 MP: 6/6
  2790 | Ossuary  | Reached skill level 6 in Unarmed Combat
  2981 | Ossuary  | Reached XP level 7. HP: 46/46 MP: 7/7
  3169 | D:4      | Noticed Menkaure
  3221 | D:4      | Gained mutation: You are missing an eye, making it more
                  | difficult to aim. [Ru sacrifice]
  3221 | D:4      | Reached **** piety under Ru
  3223 | D:4      | Found a runed translucent door.
  3224 | D:4      | Noticed Crazy Yiuf
  3289 | D:4      | Killed Crazy Yiuf
  3290 | D:4      | Reached skill level 7 in Unarmed Combat
  3559 | D:4      | Found Aletosat's Distillery.
  3567 | D:4      | Bought a potion of degeneration for 11 gold pieces
  3591 | D:4      | Killed Menkaure
  3762 | D:5      | Entered Level 5 of the Dungeon
  3902 | D:5      | Reached XP level 8. HP: 12/54 MP: 2/8
  3910 | D:5      | HP: 2/54 [poisoned by a gnoll sergeant]
  3957 | D:5      | Noticed Pikel
  4150 | D:5      | Reached skill level 8 in Unarmed Combat
  4152 | D:5      | Gained mutation: You occasionally lose the ability to read
                  | scrolls when taking damage. [potion of mutation]
  4152 | D:5      | Gained mutation: You are dopey. (Int -2) [potion of
                  | mutation]
  4152 | D:5      | Gained mutation: You are weak. (Str -2) [potion of
                  | mutation]
  4152 | D:5      | Gained mutation: You are partially covered in iridescent
                  | scales. (AC +2) [potion of mutation]
  4152 | D:5      | Succumbed to a gnoll sergeant's poison

Illustrated notes

Levels and vault maps discovered:
D:1:      dpeg_arrival_subterranean_lakeside_camping, layout_basic,
          amethyst_killhole
D:2:      layout_basic, basic_ecumenical_altar, basic_altar, serial_shops, shop,
          grunt_decor_arrowhead, grunt_decor_resistance, corexii_corridor_pit,
          grunt_decor_mini_mirrors
D:3:      layout_loops_ring
D:4:      layout_cave_pools, serial_shops,
          nicolae_shop_temple_entry_statues_fountains,
          gup_ossuary_entry_pyramid, uniq_ijyb, uniq_crazy_yiuf_cottage,
          uniq_menkaure
D:5:      layout_basic, lightli_sewer_entry_pipes, uniq_pikel

Skill      XL: |  1  2  3  4  5  6  7  8 |
---------------+-------------------------+-----
Stealth        | 1 2 3 4 |  4.0
Unarmed Combat | 5 6 7 8 |  8.0
Fighting       | 3 4 |  4.8
Dodging        | |  2.0
Shapeshifting  | |  3.0

Action                     |  1- 3 |  4- 6 |  7- 9 || total
---------------------------+-------+-------+-------++-------
  Melee: Unarmed           |    77 |   107 |    69 ||   253
         Constrict         |    14 |    31 |    17 ||    62
         Tentacles         |     9 |    34 |    16 ||    59
         Punch             |     2 |     4 |     5 ||    11
  Throw: Dart              |       |       |     1 ||     1
 Invoke: Sacrifice a Hand  |     1 |       |       ||     1
         Power Leap        |       |       |     4 ||     4
         Sacrifice an Eye  |       |       |     1 ||     1
    Use: Scroll            |     2 |     1 |     2 ||     5
         Potion            |       |       |     2 ||     2
   Stab: Sleeping          |    18 |     6 |     5 ||    29
         Invisible         |       |     1 |       ||     1
 Armour: Skin              |    25 |    31 |    27 ||    83
  Dodge: Dodged            |    34 |    49 |    32 ||   115
   Form: Beast             |     1 |       |       ||     1

Table legend: (Time is in decaauts)
 A = Elapsed time spent in this place.
 B = Non-inter-level travel time spent in this place.
 C = Inter-level travel time spent in this place.
 D = Time resting spent in this place.
 E = Time spent auto-exploring this place.
 F = Levels seen in this place.
 G = Mean time per level.
                   A        B        C        D        E       F      G
               +--------+--------+--------+--------+--------+-----+--------+
         Total |   4126 |   3888 |    238 |    384 |   2469 |   6 |  687.7 |
       Dungeon |   3768 |   3530 |    238 |    270 |   2411 |   5 |  753.6 |
       Ossuary |    358 |    358 |      0 |    114 |     58 |   1 |  358.0 |
               +--------+--------+--------+--------+--------+-----+--------+

Top non-repeatable levels by time:
     D:4: 988 daAuts
     D:1: 880 daAuts
     D:2: 861 daAuts
     D:3: 793 daAuts
 Ossuary: 358 daAuts
     D:5: 245 daAuts
